Map: [ESL] Crimson Court

Players

FoxeR

  • Race: Terran Terran
  • Spawn Location: 7:00

Erik - Winner!

  • Race: Zerg Zerg
  • Spawn Location: 1:00

Event: ESL SC2 Masters 2024 Spring (Regional)

VOD

Have the link to the VOD?

Description

Time

  • Played on: April 14, 2024, 3:27 p.m.
  • Length: 33:12

All games in this series

Show
View Real Time Build Order
Export as new Build Order

FoxeR Terran 

Build Orders: Reaper Expand 

Get SALT Encoding   

  12  0:00  SCV  
  13  0:12  SCV  
  14  0:17  Supply Depot  
  14  0:24  SCV  
  15  0:38  SCV  
  15  0:40  Barracks  
  15  0:42  Refinery  
  16  0:50  SCV  
  17  1:03  SCV  
  18  1:15  SCV  
  19  1:27  Orbital Command, Reaper  
  20  1:40  Command Center  
  20  1:48  Supply Depot  
  20  1:53  SCV  
  21  1:59  Marine  
  22  2:05  SCV  
  23  2:11  Factory  
  23  2:18  SCV  
  23  2:19  Barracks Reactor  
  24  2:30  SCV  
  25  2:37  Command Center  
  25  2:42  SCV  
  26  2:53  Orbital Command  
  26  2:57  Barracks  
  26  2:59  SCV  
  26  3:04  Hellion  
  29  3:09  Hellion  
  29  3:10  Barracks Tech Lab  
  31  3:13  SCV  
  31  3:18  Refinery  
  31  3:28  Hellion  
  31  3:29  SCV x2  
  31  3:33  Hellion  
  38  3:41  SCV  
  38  3:42  SCV  
  38  3:44  Stimpack  
  39  3:49  Marine  
  39  3:52  Starport  
  39  3:53  SCV  
  41  3:58  Orbital Command  
  41  4:00  SCV  
  41  4:02  Marine  
  43  4:05  SCV  
  43  4:07  Factory Reactor  
  43  4:09  Marine  
  45  4:12  SCV  
  45  4:13  Marine  
  45  4:17  SCV, Supply Depot  
  47  4:21  Marine  
  47  4:24  SCV  
  50  4:29  SCV  
  49  4:31  Marine  
  49  4:32  SCV, Marine  
  49  4:36  SCV  
  53  4:40  Barracks  
  53  4:41  SCV  
  53  4:42  Supply Depot  
  53  4:44  SCV  
  55  4:47  Refinery, Marine  
  55  4:48  SCV, Medivac  
  55  4:51  Medivac  
  55  4:52  Factory Tech Lab, Marine  
  62  4:55  Marine  
  62  4:56  SCV x2  
  65  5:00  SCV  
  65  5:01  Orbital Command  
  65  5:03  Refinery  
  65  5:05  Marine  
  67  5:08  SCV, Supply Depot  
  67  5:10  SCV, Marine  
  67  5:12  SCV  
  67  5:13  Marine  
  72  5:15  Siege Tank  
  72  5:18  Engineering Bay  
  72  5:20  Engineering Bay  
  75  5:22  SCV  
  76  5:28  Orbital Command  
  76  5:33  Starport Reactor, Combat Shield  
  76  5:36  SCV  
  76  5:37  Marine x2  
  76  5:39  SCV  
  80  5:43  Supply Depot, Marine x3  
  80  5:45  Terran Infantry Weapons Level 1  
  80  5:48  SCV  
  84  5:51  SCV  
  84  5:56  Barracks  
  85  5:57  Barracks  
  85  6:05  SCV x3, Supply Depot, Marine x4  
  85  6:09  Terran Infantry Armor Level 1  
  92  6:11  Marine  
  93  6:19  SCV  
  93  6:22  Marine  
  92  6:26  Medivac x2, Marine x2  
  92  6:27  Siege Tank  
  101  6:34  Supply Depot x2  
  101  6:42  Missile Turret  
  101  6:44  Missile Turret  
  101  6:50  Missile Turret  
  101  6:52  Supply Depot  
  101  6:55  SCV x3, Marine x5  
  101  6:58  Supply Depot  
  109  7:03  Siege Tank  
  109  7:05  Armory  
  109  7:06  Barracks Reactor x2  
  109  7:07  SCV x2  
  114  7:13  SCV, Marine x2  
  114  7:15  Missile Turret  
  117  7:18  Supply Depot  
  117  7:19  SCV, Marine x2  
  117  7:20  Supply Depot  
  120  7:22  Marine  
  120  7:24  Missile Turret  
  120  7:26  SCV  
  120  7:29  SCV  
  123  7:31  Marine x2  
  123  7:32  SCV  
  123  7:33  Refinery  
  123  7:36  Marine, Factory  
  127  7:38  Siege Tank  
  127  7:40  SCV  
  127  7:42  SCV  
  132  7:44  Supply Depot  
  132  7:45  Supply Depot  
  132  7:46  Marine  
  132  7:47  SCV  
  132  7:48  Marine x2  
  132  7:49  Marine  
  137  7:55  Terran Infantry Weapons Level 2  
  137  7:57  Marine  
  139  8:02  Marine x4  
  139  8:03  Medivac, Marine  
  144  8:06  Medivac  
  144  8:12  Terran Infantry Armor Level 2  
  146  8:16  Marine x2  
  146  8:19  Command Center  
  148  8:23  Marine x6  
  148  8:25  Factory Reactor  
  154  8:31  Marine  
  154  8:33  Medivac  
  154  8:34  Marine  
  157  8:35  Marine  
  157  8:37  Refinery  
  157  8:38  Supply Depot  
  157  8:40  Supply Depot  
  157  8:41  Marine  
  160  8:47  Missile Turret, Marine x5  
  165  8:48  Sensor Tower  
  165  8:56  Terran Vehicle And Ship Armor Level 1  
  165  8:59  Marine x4  
  165  9:00  Widow Mine  
  171  9:04  Widow Mine x2  
  171  9:05  Marine x5  
  180  9:14  Barracks x3  
  180  9:17  Marine  
  180  9:20  Marine x3  
  180  9:22  Marine  
  180  9:23  Marine x2  
  180  9:24  Supply Depot, Missile Turret, Marine  
  187  9:30  Drilling Claws  
  187  9:31  Medivac  
  190  9:34  Marine  
  191  9:40  Marine  
  192  9:46  Medivac  
  192  9:49  Command Center  
  192  9:50  Widow Mine x3  
  180  10:03  Marine  
  180  10:04  Marine x2  
  178  10:07  Barracks Tech Lab x3  
  178  10:08  Marine  
  178  10:12  Widow Mine x2, SCV x2  
  178  10:14  SCV  
  165  10:22  Marauder  
  165  10:26  Sensor Tower, Marine  
  165  10:27  Marauder  
  159  10:33  Marine  
  139  10:37  Marine x2  
  139  10:39  Siege Tank  
  139  10:40  SCV  
  139  10:42  SCV  
  146  10:45  Marauder x3  
  146  10:48  Marine x2  
  154  10:50  Terran Vehicle Weapons Level 1  
  154  10:52  Marine x2  
  154  10:53  Planetary Fortress  
  154  10:54  SCV x3  
  151  10:58  Marauder, Marine  
  152  11:04  Marine x2  
  152  11:06  SCV x3, Marauder x2  
  152  11:08  Missile Turret  
  152  11:09  Missile Turret  
  161  11:11  Concussive Shells  
  161  11:18  SCV x3, Missile Turret  
  161  11:19  Missile Turret  
  161  11:23  Supply Depot  
  164  11:30  SCV  
  163  11:41  Marine  
  163  11:45  Orbital Command  
  163  11:47  Ghost Academy  
  164  11:50  Unknown, Command Center  
  164  11:52  Terran Infantry Weapons Level 3, Terran Infantry Armor Level 3, Missile Turret  
  164  12:07  Marine  
  163  12:08  Medivac  
  163  12:11  Missile Turret  
  163  12:12  Missile Turret  
  165  12:16  Ghost x4  
  173  12:26  Marine  
  173  12:27  Marine  
  175  12:30  Marine x4  
  175  12:34  Command Center  
  179  12:40  Missile Turret, Orbital Command  
  178  12:45  Ghost x2, Marine  
  178  12:51  Ghost  
  176  12:53  Ghost, Marine  
  154  13:12  Marine  
  154  13:13  Ghost x2  
  154  13:15  Marine  
  154  13:18  Missile Turret  
  154  13:19  Ghost, Command Center  
  160  13:20  Missile Turret  
  160  13:21  Missile Turret  
  160  13:22  Ghost  
  164  13:27  Medivac  
  164  13:28  SCV x5  
  171  13:35  Widow Mine  
  171  13:40  SCV  
  173  13:48  Missile Turret  
  173  13:50  Siege Tank, Ghost  
  178  13:56  Ghost x2, Starport  
  178  13:57  Starport  
  178  13:58  Ghost, Marine  
  181  14:03  Marine  
  181  14:06  Starport Reactor, Barracks Reactor x2  
  182  14:14  Refinery  
  182  14:15  Refinery  
  182  14:17  Terran Vehicle And Ship Armor Level 2  
  182  14:18  Missile Turret  
  182  14:19  Ghost, Missile Turret  
  182  14:22  Missile Turret  
  183  14:34  Planetary Fortress  
  179  14:47  Ghost  
  179  14:51  Missile Turret, Marine x2  
  180  14:55  Marine  
  180  14:58  Ghost  
  180  14:59  Marine  
  183  15:05  Liberator x3  
  185  15:18  Ghost x2  
  185  15:19  Siege Tank  
  185  15:20  Ghost, Marine  
  189  15:27  Ghost  
  191  15:36  Starport Reactor  
  191  15:38  Factory  
  191  15:42  Command Center, Missile Turret x2  
  191  15:45  Sensor Tower  
  191  15:46  Missile Turret  
  191  15:47  Ghost  
  191  15:48  Liberator x2, Missile Turret  
  199  15:50  Missile Turret x2  
  199  15:53  Command Center  
  199  16:00  Neosteel Armor, Hi-Sec Auto Tracking  
  199  16:08  Missile Turret  
  199  16:09  Missile Turret  
  199  16:10  Missile Turret  
  199  16:12  Orbital Command  
  199  16:23  Barracks Reactor  
  199  16:25  Starport Reactor  
  199  16:27  Fusion Core  
  199  16:28  Factory Tech Lab  
  199  16:43  Personal Cloaking  
  193  16:52  Ghost, Command Center, Marine  
  196  16:55  Missile Turret  
  196  16:56  Orbital Command  
  196  16:58  Command Center  
  190  17:12  Command Center  
  190  17:13  Command Center  
  190  17:14  Siege Tank  
  190  17:15  Orbital Command  
  192  17:17  Planetary Fortress  
  190  17:28  Ghost  
  190  17:29  Siege Tank, Marine  
  195  17:34  Missile Turret  
  195  17:35  Missile Turret  
  186  17:46  Siege Tank  
  180  18:02  Siege Tank  
  183  18:07  Missile Turret  
  183  18:09  Sensor Tower  
  183  18:18  Siege Tank, Terran Vehicle And Ship Armor Level 3  
  186  18:20  Advanced Ballistics  
  183  18:50  Liberator  
  183  19:02  Planetary Fortress  
  183  19:16  Siege Tank  
  186  19:18  Missile Turret  
  186  19:20  Missile Turret  
  186  19:22  Siege Tank  
  189  19:32  Caduceus Reactor  
  188  19:43  Hellbat x2  
  188  19:45  Liberator x2  
  198  19:56  Armory  
  198  20:00  Planetary Fortress  
  198  20:13  Ghost  
  200  20:17  Missile Turret  
  200  20:25  Planetary Fortress  
  197  20:44  Siege Tank  
  182  20:54  Siege Tank  
  182  20:55  Planetary Fortress, Terran Ship Weapons Level 1  
  184  20:59  Liberator x2  
  190  21:07  Command Center  
  190  21:16  Siege Tank  
  188  21:31  Missile Turret  
  185  21:33  Liberator x4, Missile Turret  
  197  21:42  Liberator  
  197  21:43  Hellbat  
  200  21:54  Refinery x2  
  200  22:03  Missile Turret  
  200  22:05  Sensor Tower  
  200  22:08  Missile Turret x2  
  200  22:30  Planetary Fortress  
  191  23:00  Siege Tank  
  191  23:05  Siege Tank  
  194  23:15  Missile Turret x2  
  186  23:32  Siege Tank  
  186  23:33  Marine x3  
  165  23:35  Liberator x3  
  165  23:37  Siege Tank  
  174  23:49  Command Center  
  171  24:00  Command Center  
  171  24:02  Hellbat x2, Infernal Pre-Igniter  
  175  24:04  Siege Tank, Marine x3, Marauder x3  
  175  24:05  Marine x2, Marauder  
  175  24:09  Siege Tank  
  192  24:11  Marine  
  188  24:36  Siege Tank  
  192  24:41  Siege Tank  
  191  25:00  Viking x6  
  194  25:08  Siege Tank  
  194  25:13  Thor  
  187  25:28  Marine x3  
  179  25:29  Marine  
  179  25:30  Marine x3, Viking x4  
  184  25:36  Ghost  
  184  25:39  Terran Ship Weapons Level 2  
  184  25:40  Thor  
  184  25:41  Marine  
  186  25:43  Marine  
  181  25:51  Viking x2  
  181  25:54  Ghost x2  
  181  25:56  Thor  
  195  26:01  Ghost  
  169  26:05  Ghost  
  158  26:14  Marine x8  
  163  26:19  Viking  
  163  26:23  Thor, Liberator x2, Ghost x2  
  163  26:25  Viking  
  182  26:29  Ghost  
  182  26:32  Marine x2  
  186  26:33  Ghost  
  186  26:39  Thor  
  194  26:46  Liberator  
  197  26:51  Ghost  
  199  27:06  Planetary Fortress  
  199  27:07  Missile Turret  
  169  27:52  Marine  
  169  27:53  Siege Tank, Marine  
  169  27:54  Marine x10  
  169  27:58  Siege Tank  
  181  28:13  Hellbat x2  
  181  28:18  Ghost x4  
  191  28:39  Siege Tank  
  194  28:41  Missile Turret  
  194  28:46  Ghost  
  194  28:47  Ghost  
  198  29:03  Smart Servos  
  186  29:10  Marine  
  186  29:11  Marine x2  
  123  29:45  Marine  
  123  29:46  Marine x11  
  134  30:03  Liberator x2, Marine x4  
  134  30:06  Orbital Command  
  144  30:16  Marine  
  144  30:17  Marine x7  
  152  30:21  Marine x4  
  156  30:36  Missile Turret  
  141  30:50  Marine  
  141  30:56  Marine  
  78  31:07  Ghost  
  78  31:08  Marine  
  81  31:13  Marine x9  
  89  31:33  Marine x4  
  89  31:36  Marine  
  94  32:00  Orbital Command  
  94  32:01  Liberator x2  
  100  32:15  Ghost  
  102  32:34  Ghost  
Show
View Real Time Build Order
Export as new Build Order

Erik Zerg - Winner!

Build Orders: Hatch First 

Get SALT Encoding   

  12  0:00  Drone  
  13  0:12  Overlord  
  13  0:17  Drone  
  14  0:30  Drone x2  
  16  0:47  Hatchery  
  15  0:50  Drone  
  15  0:54  Drone  
  17  0:57  Drone  
  18  1:04  Extractor  
  17  1:14  Spawning Pool  
  17  1:16  Drone  
  17  1:19  Drone  
  18  1:28  Drone  
  19  1:38  Drone  
  20  1:49  Overlord  
  20  2:00  Queen x2  
  24  2:01  Zergling x4  
  24  2:05  Metabolic Boost  
  26  2:10  Drone  
  26  2:12  Drone  
  28  2:23  Drone x2  
  30  2:38  Queen x2  
  30  2:39  Overlord  
  34  2:44  Overlord  
  34  2:49  Drone x2  
  36  3:00  Drone x2  
  36  3:04  Drone  
  39  3:06  Drone  
  39  3:10  Drone x5  
  45  3:13  Drone  
  46  3:24  Overlord  
  46  3:29  Drone x3  
  49  3:38  Drone  
  49  3:39  Hatchery  
  50  3:41  Drone  
  50  3:46  Extractor  
  50  3:47  Extractor  
  48  3:50  Drone x6  
  54  3:55  Drone  
  54  3:56  Drone  
  56  4:05  Overlord  
  56  4:06  Zergling x2  
  56  4:09  Lair  
  57  4:12  Extractor  
  57  4:17  Zergling x4  
  58  4:19  Zergling x4  
  58  4:22  Overlord x2  
  60  4:25  Drone x2  
  60  4:30  Drone  
  60  4:32  Drone  
  61  4:40  Drone  
  61  4:44  Baneling Nest  
  61  4:46  Evolution Chamber  
  61  4:48  Overlord  
  60  5:02  Overlord, Queen  
  60  5:04  Drone x9  
  71  5:15  Zerg Ground Armor Level 1, Overlord  
  71  5:21  Zergling x6  
  72  5:23  Spore Crawler  
  72  5:26  Spire  
  72  5:28  Centrifugal Hooks  
  72  5:31  Zergling x10, Extractor  
  72  5:32  Extractor  
  72  5:33  Baneling x9  
  75  5:38  Zergling x2  
  75  5:39  Zergling x8  
  80  5:47  Zergling x6  
  83  5:55  Drone x3  
  86  5:57  Drone x2  
  86  5:58  Drone  
  91  6:09  Drone  
  91  6:10  Drone x2  
  91  6:11  Hatchery  
  91  6:13  Overlord  
  91  6:15  Drone x2  
  92  6:22  Overlord  
  89  6:29  Zergling x12  
  94  6:40  Zerg Flyer Weapons Level 1  
  94  6:41  Mutalisk  
  94  6:42  Mutalisk x3  
  102  6:49  Mutalisk x7  
  102  6:53  Drone x2  
  118  6:54  Drone  
  118  6:57  Spore Crawler  
  118  7:00  Overlord x2  
  118  7:02  Overlord  
  118  7:03  Pneumatized Carapace  
  118  7:14  Zerg Ground Armor Level 2  
  118  7:17  Evolution Chamber, Overlord  
  118  7:19  Zergling x2  
  118  7:20  Zergling x8  
  118  7:21  Baneling x2  
  122  7:23  Queen  
  122  7:26  Drone x2  
  126  7:32  Mutalisk  
  126  7:33  Mutalisk x2  
  132  7:37  Zergling x2  
  132  7:38  Zergling x6  
  136  7:46  Zergling x2  
  136  7:47  Zergling x6  
  140  7:56  Mutalisk  
  140  7:57  Mutalisk x3  
  146  8:01  Infestation Pit, Drone x5  
  146  8:03  Extractor  
  146  8:04  Extractor  
  148  8:14  Zergling x8  
  148  8:18  Overlord x5  
  152  8:33  Overlord  
  152  8:35  Overlord x2  
  152  8:37  Hive  
  152  8:39  Drone x4  
  152  8:40  Drone x4  
  160  8:42  Zerg Melee Weapons Level 1  
  160  8:49  Infestor x2  
  160  8:50  Infestor  
  160  8:51  Infestor  
  168  8:57  Zergling x10  
  173  9:04  Zergling x2  
  173  9:05  Zergling x4  
  176  9:14  Burrow  
  176  9:19  Zergling x20  
  186  9:30  Overlord  
  185  9:40  Zergling x2  
  185  9:41  Zergling x16  
  185  9:42  Baneling  
  185  9:43  Baneling x11  
  194  9:50  Zerg Ground Armor Level 3  
  194  9:51  Adrenal Glands  
  194  9:52  Ultralisk Cavern  
  168  10:07  Baneling  
  168  10:08  Overseer, Overlord, Baneling x7  
  168  10:09  Overseer  
  168  10:10  Overseer  
  142  10:22  Zergling x36  
  143  10:39  Zergling x2  
  143  10:40  Zergling x16  
  150  10:43  Chitinous Plating  
  150  10:44  Zerg Melee Weapons Level 2  
  149  10:55  Ultralisk  
  149  10:56  Ultralisk x4  
  169  10:59  Zergling x10  
  172  11:06  Zergling x2  
  172  11:10  Baneling x2  
  172  11:11  Baneling x11  
  172  11:18  Mutalisk  
  172  11:19  Mutalisk  
  172  11:20  Hatchery  
  171  11:36  Mutalisk  
  171  11:37  Mutalisk x3  
  170  11:41  Drone x11  
  179  11:54  Neural Parasite  
  179  11:58  Zergling x2  
  179  11:59  Zergling x8, Hatchery  
  181  12:02  Hatchery  
  172  12:17  Anabolic Synthesis  
  172  12:21  Hydralisk Den  
  172  12:22  Overlord, Extractor x2  
  170  12:23  Spore Crawler  
  170  12:28  Zerg Missile Weapons Level 1  
  170  12:29  Nydus Network  
  165  12:30  Nydus Network  
  165  12:32  Zergling x2  
  165  12:33  Zergling x28  
  179  12:44  Viper x3  
  175  12:58  Zergling x2  
  175  12:59  Zergling x30  
  162  13:10  Muscular Augments  
  162  13:11  Lurker Den  
  162  13:12  Zergling x10  
  155  13:15  Baneling x8  
  155  13:21  Drone x5  
  155  13:24  Zerg Melee Weapons Level 3  
  160  13:30  Overseer x2  
  160  13:32  Drone x7  
  163  14:03  Hydralisk x17  
  197  14:17  Drone x2  
  190  14:44  Nydus Canal x2  
  181  14:49  Zergling x2  
  181  14:50  Zergling x42  
  195  15:05  Hydralisk x3  
  198  15:11  Adaptive Talons  
  198  15:12  Overseer  
  166  15:27  Drone x10  
  166  15:28  Drone x4  
  176  15:35  Spore Crawler x2  
  176  15:37  Spore Crawler  
  176  15:38  Spore Crawler  
  176  15:39  Zergling x26  
  185  15:43  Zerg Missile Weapons Level 2  
  185  15:48  Lurker x5  
  190  15:51  Unknown, Spore Crawler  
  190  15:56  Zergling x24  
  200  15:57  Overseer  
  200  15:58  Overseer  
  199  16:08  Baneling x16, Seismic Spines  
  199  16:10  Baneling x4  
  199  16:11  Baneling x24  
  198  16:18  Overseer x3  
  198  16:47  Lurker x3  
  187  16:50  Nydus Canal  
  187  16:51  Hydralisk x5  
  199  16:56  Nydus Canal  
  199  16:59  Extractor  
  197  17:02  Extractor  
  197  17:05  Infestor  
  197  17:08  Hatchery  
  175  17:11  Hydralisk x4  
  180  17:17  Hydralisk x10  
  180  17:18  Overseer  
  200  17:28  Zergling x28  
  200  17:32  Nydus Canal  
  200  17:33  Nydus Canal  
  190  17:49  Zergling x2  
  190  17:50  Zergling x30  
  191  17:55  Overlord x3  
  191  17:59  Overlord  
  191  18:00  Overlord  
  191  18:01  Overseer x2  
  191  18:17  Extractor x2  
  189  18:25  Spore Crawler  
  189  18:26  Baneling x10  
  187  18:27  Spore Crawler  
  181  18:35  Infestor x3  
  181  18:36  Infestor  
  188  18:41  Spire x2  
  171  18:52  Hydralisk  
  171  18:53  Hydralisk x9  
  184  19:04  Lurker  
  184  19:05  Lurker x2  
  187  19:10  Spore Crawler  
  187  19:11  Zergling x2, Spore Crawler  
  187  19:12  Zergling x30, Spore Crawler  
  198  19:44  Infestor  
  198  19:46  Overlord  
  198  19:52  Spore Crawler x2  
  197  19:53  Spore Crawler  
  197  19:56  Zerg Flyer Weapons Level 2  
  197  19:57  Greater Spire  
  197  19:58  Spore Crawler  
  194  20:12  Zerg Missile Weapons Level 3  
  188  20:23  Viper x3  
  172  20:51  Zergling x36  
  180  21:07  Drone x2  
  182  21:11  Queen  
  154  21:43  Zerg Flyer Armor Level 1  
  154  21:44  Overlord  
  154  21:45  Zergling x2  
  154  21:46  Zergling x42  
  167  21:48  Overlord x3  
  164  22:16  Drone x3  
  164  22:18  Zerg Flyer Weapons Level 3  
  164  22:22  Baneling  
  167  22:23  Baneling x12  
  165  22:31  Overlord  
  165  22:32  Overseer  
  165  22:39  Corruptor x17  
  193  23:34  Infestor x4  
  185  23:59  Brood Lord x5  
  185  24:00  Brood Lord x2  
  185  24:01  Overseer  
  192  24:18  Brood Lord x4  
  199  24:28  Zerg Flyer Armor Level 2  
  196  24:44  Corruptor  
  196  24:45  Corruptor x2  
  194  24:56  Overlord  
  194  24:57  Overseer x3  
  159  25:17  Corruptor x10  
  159  25:18  Corruptor x2  
  179  25:24  Zergling x28  
  179  25:25  Zergling x10  
  194  25:30  Hydralisk  
  194  25:31  Hydralisk x2  
  191  25:42  Zergling x26  
  200  25:52  Baneling  
  200  25:53  Baneling x20  
  182  26:08  Overlord x6  
  167  26:23  Overlord x2  
  167  26:24  Overlord  
  163  26:29  Viper x2, Extractor  
  163  26:30  Viper  
  171  26:34  Brood Lord x2  
  171  26:35  Brood Lord x3  
  171  26:37  Hydralisk x8  
  199  26:43  Hydralisk x2  
  199  26:45  Zergling x4  
  199  26:56  Overseer  
  199  26:57  Overseer  
  199  26:59  Overseer x3  
  199  27:00  Overseer x3  
  197  27:03  Overlord  
  181  27:29  Corruptor x6  
  177  27:30  Corruptor, Hatchery  
  177  27:33  Zergling x22  
  175  27:45  Zergling x16  
  157  27:57  Hydralisk x9  
  162  28:02  Baneling  
  162  28:03  Baneling x21  
  158  28:08  Hydralisk  
  158  28:09  Hydralisk x8  
  174  28:17  Zergling x2  
  174  28:18  Zergling x10  
  178  28:23  Zergling x6  
  181  28:32  Zergling x26  
  194  28:41  Zergling x4  
  194  28:42  Overlord x2  
  196  28:52  Overseer, Overlord  
  196  28:53  Overlord  
  196  28:54  Overseer  
  196  28:55  Overseer  
  196  28:57  Overlord  
  175  29:11  Zergling x46  
  155  29:32  Zergling x2  
  155  29:33  Zergling x38  
  138  29:41  Zergling x10  
  138  29:42  Zergling x8  
  140  29:48  Baneling x18  
  140  29:49  Zergling x6  
  137  29:53  Hydralisk x3  
  137  29:57  Hydralisk x10  
  159  30:04  Zergling x10  
  164  30:12  Zergling x8  
  168  30:21  Zergling x2  
  168  30:22  Zergling x10  
  174  30:29  Zergling x2  
  174  30:30  Zergling x18  
  174  30:33  Overseer  
  174  30:34  Hydralisk  
  174  30:35  Hydralisk x2  
  190  30:41  Hydralisk  
  190  30:42  Hydralisk x3  
  161  30:54  Zergling x28  
  149  31:08  Zergling x22  
  159  31:18  Baneling x9  
  159  31:25  Overlord x3  
  158  31:33  Overlord  
  158  31:42  Lurker x2  
  158  31:43  Lurker  
  158  31:44  Viper  
  146  32:37  Zergling x16  
  146  32:38  Zergling x58  
Tags
 
Add a new tag
Caveats
  • Supply blocks, unpowered buildings, or Contaminate may cause inaccurate times.
  • Supply counts are checked every 10 seconds.